 Dungeon Crawl Stone Soup version 0.30.1-11-g7821555f0a (webtiles) character file.

Game seed: 1261023176314999016

94 Unglued128 the Shield-Bearer (level 4, -8/32 HPs)
             Began as a Gnoll Wanderer on Nov 18, 2023.
             Mangled by an iguana (11 damage)
             ... on level 3 of the Dungeon.
             The game lasted 00:11:31 (2688 turns).

Unglued128 the Shield-Bearer (Gnoll Wanderer)       Turns: 2688, Time: 00:11:32

Health: -8/32      AC:  5    Str:  7    XL:     4   Next: 63%
Magic:  4/8        EV: 17    Int: 11    God:
Gold:   67         SH:  0    Dex: 18    Spells: 8/9 levels left

rFire   . . .        f - staff of conjuration
rCold   . . .        (no shield)
rNeg    . . .        d - +0 robe
rPois   .            (no helmet)
rElec   .            (no cloak)
rCorr   .            j - +1 pair of gloves
SInv    .            l - +0 pair of boots
Will    .....        (no amulet)
Stlth   ++           e - +5 ring of evasion
HPRegen 0.25/turn    (no ring)
MPRegen 0.11/turn

%: no passive effects
@: no status effects
A: fangs 1, strong nose, distributed training
a: no special abilities


You were on level 3 of the Dungeon.
You visited 1 branch of the dungeon, and saw 3 of its levels.

You collected 67 gold pieces.

Inventory:

Hand Weapons
 a - a +2 spear
 n - a +2 dagger of draining
Missiles
 i - 2 curare-tipped darts
 k - 6 poisoned darts
Armour
 b - a +0 buckler
 d - a +0 robe (worn)
 j - a +1 pair of gloves (worn)
 l - a +0 pair of boots (worn)
Magical Staves
 c - a staff of fire
 f - a staff of conjuration (weapon)
Jewellery
 e - a +5 ring of evasion (left hand)
Scrolls
 h - a scroll of enchant armour
 m - a scroll of enchant weapon {unknown}
Potions
 g - a potion of invisibility {unknown}


   Skills:
 + Level 1.2 Fighting
 + Level 1.2 Short Blades
 + Level 1.2 Long Blades
 + Level 1.2 Axes
 + Level 1.2 Maces & Flails
 + Level 4.7 Polearms
 + Level 1.2 Staves
 + Level 1.2 Ranged Weapons
 + Level 1.2 Throwing
 + Level 2.8 Armour
 + Level 1.2 Dodging
 + Level 2.6 Stealth
 + Level 4.7 Shields
 + Level 1.2 Unarmed Combat
 + Level 3.0 Spellcasting
 + Level 1.0 Conjurations
 + Level 1.0 Hexes
 + Level 1.0 Summonings
 + Level 1.0 Necromancy
 + Level 1.0 Translocations
 + Level 3.9 Transmutations
 + Level 1.0 Fire Magic
 + Level 1.0 Ice Magic
 + Level 1.0 Air Magic
 + Level 1.0 Earth Magic
 + Level 1.0 Poison Magic
 + Level 1.4 Invocations
 + Level 2.8 Evocations


You had 8 spell levels left.
You knew the following spells:

 Your Spells              Type           Power      Damage    Failure   Level
a - Sting                 Tmut/Pois      28%        1d4       10%         1

Your spell library contained the following spells:

 Spells                   Type           Power      Damage    Failure   Level
 Blink                    Tloc           8%         N/A       26%         2
 Lesser Beckoning         Tloc           8%         N/A       26%         2
 Momentum Strike          Conj/Tloc      12%        3d8       26%         2
 Ignite Poison            Fire/Tmut/Pois 6%         N/A       34%         3


Dungeon Overview and Level Annotations

Branches:
Dungeon (3/15)

Altars:
Gozag

Shops:
D:1 :


Innate Abilities, Weirdness & Mutations

You have very sharp teeth.
Your uncanny sense of smell can sniff out nearby items.
Your experience applies equally to all skills.


Message History

The sting misses the iguana.
The iguana bites you.
You hit the iguana but do no damage.
The iguana is heavily wounded.
The iguana misses you.
You barely miss the iguana.
The iguana is heavily wounded.
The iguana bites you.
You closely miss the iguana.
The iguana is heavily wounded.
The iguana closely misses you. The iguana misses you.
You hit the iguana. You bite the iguana, but do no damage.
The iguana is almost dead.
The iguana looks more healthy.
The iguana completely misses you.
You hit the iguana but do no damage. Your bite misses the iguana.
The iguana is almost dead.
The iguana bites you!
You closely miss the iguana. You bite the iguana, but do no damage.
The iguana is almost dead.
The iguana bites you.
You hit the iguana.
The iguana is almost dead.
The iguana barely misses you.
You hit the iguana but do no damage.
The iguana is almost dead.
The iguana bites you.
* * * LOW HITPOINT WARNING * * *
Casting: Sting (safe; 10% risk of failure)
Confirm with . or Enter, or press ? or * to list all spells.
Aiming: Sting (safe; 10% risk of failure)
Press: ? - help, Shift-Dir - straight line, f/p - iguana
Aim: an iguana (almost dead, 72% to hit)
The sting hits the iguana but does no damage.
The iguana is poisoned.
The iguana is almost dead.
The iguana bites you!
* * * LOW HITPOINT WARNING * * *
You closely miss the iguana. You bite the iguana, but do no damage.
The iguana is almost dead.
The iguana bites you!
You die...

#.......##....
#.............
#......<...##. .. ∆
#.........[... $..
####......#... #..
#>.........
##.###########.........
##........#.$8#.........
......l@.$.$._#.........
..........#.$8#.........
..........#####....##...
....#....)..............
..................###...
........................
...........#...#..###. .
...................#
......#########.....[


You could see an iguana (poisoned).

Vanquished Creatures
  4 adders (D:2)
  A worm (D:2)
  A dart slug (D:1)
  7 ball pythons
  3 endoplasms
  2 giant cockroaches (D:2)
  8 goblins
  6 hobgoblins
  3 kobolds
  2 quokkas (D:1)
  7 bats
  2 frilled lizards
  3 rats
49 creatures vanquished.

Notes
Turn   | Place    | Note
-------+----------+-------------------------------------------
     0 | D:1      | Unglued128 the Gnoll Wanderer began the quest for the Orb.
     0 | D:1      | Unglued128 set off with the following items: a +2 spear, a
                  | +0 buckler, a potion of curing, a +0 robe; and the
                  | following spell memorised: Sting; and the following spells
                  | available to memorise: Ignite Poison.
     0 | D:1      | Reached XP level 1. HP: 13/13 MP: 4/4
   166 | D:1      | Reached XP level 2. HP: 18/19 MP: 5/5
   839 | D:1      | Reached XP level 3. HP: 25/25 MP: 7/7
   911 | D:1      | Found Efuveof's Book Boutique.
  1339 | D:2      | Reached skill level 1 in Invocations
  1537 | D:2      | Reached skill level 1 in Fighting
  1537 | D:2      | Reached skill level 1 in Short Blades
  1537 | D:2      | Reached skill level 1 in Long Blades
  1537 | D:2      | Reached skill level 1 in Axes
  1537 | D:2      | Reached skill level 1 in Maces & Flails
  1537 | D:2      | Reached skill level 1 in Staves
  1537 | D:2      | Reached skill level 1 in Ranged Weapons
  1537 | D:2      | Reached skill level 1 in Throwing
  1537 | D:2      | Reached skill level 1 in Dodging
  1537 | D:2      | Reached skill level 1 in Unarmed Combat
  1544 | D:2      | HP: 1/26 [poisoned by an adder]
  2039 | D:2      | Reached XP level 4. HP: 32/32 MP: 6/8
  2167 | D:2      | Reached skill level 1 in Conjurations
  2167 | D:2      | Reached skill level 1 in Hexes
  2167 | D:2      | Reached skill level 1 in Summonings
  2167 | D:2      | Reached skill level 1 in Necromancy
  2167 | D:2      | Reached skill level 1 in Translocations
  2167 | D:2      | Reached skill level 1 in Fire Magic
  2167 | D:2      | Reached skill level 1 in Ice Magic
  2167 | D:2      | Reached skill level 1 in Air Magic
  2167 | D:2      | Reached skill level 1 in Earth Magic
  2167 | D:2      | Reached skill level 1 in Poison Magic
  2674 | D:3      | Found an opulent altar of Gozag.
  2688 | D:3      | Mangled by an iguana

Illustrated notes

Levels and vault maps discovered:
D:1:      lightli_arrival_farm, layout_loops_corners, serial_shops,
          nicolae_shop_back_alley_shop
D:2:      layout_basic, minmay_surrounded
D:3:      layout_rooms, grunt_gozag_breadcrumbs, serial_bayou,
          serial_bayou_crossing, serial_bayou_pond_b, serial_bayou_shore_b,
          serial_bayou_ford_a, serial_bayou_pond_b, chequers_decorated_corner

Skill      XL: |  1  2  3  4 |
---------------+-------------+-----
Invocations    | 1 |  1.4
Fighting       | 1 |  1.2
Short Blades   | 1 |  1.2
Long Blades    | 1 |  1.2
Axes           | 1 |  1.2
Maces & Flails | 1 |  1.2
Staves         | 1 |  1.2
Ranged Weapons | 1 |  1.2
Throwing       | 1 |  1.2
Dodging        | 1 |  1.2
Unarmed Combat | 1 |  1.2
Spellcasting   | 3 |  3.0
Conjurations   | 1 |  1.0
Hexes          | 1 |  1.0
Summonings     | 1 |  1.0
Necromancy     | 1 |  1.0
Translocations | 1 |  1.0
Fire Magic     | 1 |  1.0
Ice Magic      | 1 |  1.0
Air Magic      | 1 |  1.0
Earth Magic    | 1 |  1.0
Poison Magic   | 1 |  1.0
Polearms       | |  4.7
Armour         | |  2.8
Stealth        | |  2.6
Shields        | |  4.7
Transmutations | |  3.9
Evocations     | |  2.8

Action                     |  1- 3 |  4- 6 || total
---------------------------+-------+-------++-------
  Melee: Spear             |    18 |       ||    18
         Staff             |   117 |    30 ||   147
         Bite              |    14 |     3 ||    17
         Punch             |     1 |     1 ||     2
   Cast: Sting             |    18 |    21 ||    39
    Use: Scroll            |     6 |     1 ||     7
         Potion            |     1 |       ||     1
   Stab: Sleeping          |    12 |       ||    12
 Armour: Robe              |    43 |     6 ||    49
  Dodge: Dodged            |    62 |    24 ||    86
  Block: Buckler           |    43 |       ||    43
